 Dungeon Sprint DCSS version 0.19.0-2-gae57169 (webtiles) character file.

5500000 Groucho the Intangible (level 23, -5/153 HPs)
             Began as a Spriggan Abyssal Knight on Nov 5, 2016.
             Was the Champion of Makhleb.
             Slain by The Servant
             ... wielding a +9 glaive of flaming
              (40 damage)
             ... in the Dungeon (Sprint VIII: "Arena of Blood").
             The game lasted 00:01:45 (55 turns).

Groucho the Intangible (Spriggan Abyssal Knight)      Turns: 55, Time: 00:01:46

Health: -5/153     AC:  4    Str:  8    XL:     23   Next: 84%
Magic:  22/55      EV: 44    Int: 14    God:    Makhleb [******]
Gold:   0          SH:  0    Dex: 25    Spells: 0 memorised, 76 levels left

rFire  . . .     SeeInvis +     j - +∞ Axe of Woe
rCold  . . .     Gourm    .     b - +0 robe
rNeg   . . .     Faith    .     (shield currently unavailable)
rPois  .         Spirit   .     (helmet restricted)
rElec  .         Reflect  .     (no cloak)
rCorr  .         Harm     .     (gloves unavailable)
MR     ++++.     NoTele   +     (boots unavailable)
Stlth  +++++++++.               (no amulet)
                                (no ring)
                                (no ring)

@: very quick
A: unfitting armour, see invisible, herbivore 3, speed 3, slow metabolism 2
a: Minor Destruction, Lesser Servant of Makhleb, Major Destruction, Greater
Servant of Makhleb, Renounce Religion


You were in the Dungeon.
You worshipped Makhleb.
Makhleb was exalted by your worship.
You were not hungry.

You visited 1 branch

Inventory:

Hand Weapons
 a - a +1 hand axe
 j - the +∞ Axe of Woe (weapon)
   (You found it in the Dungeon)
Armour
 b - a +0 robe (worn)
Scrolls
 i - a scroll of blinking
Potions
 d - a potion of curing
 e - a potion of heal wounds
 f - a potion of haste
 g - 2 potions of magic
 h - a potion of berserk rage
Comestibles
 c - a bread ration


   Skills:
 O Level 27 Fighting
 O Level 27 Axes
 O Level 27 Throwing
 O Level 27 Armour
 O Level 27 Dodging
 O Level 27 Stealth
 O Level 27 Unarmed Combat
 O Level 27 Spellcasting
 O Level 27 Invocations


You had 76 spell levels left.
You didn't know any spells.

Dungeon Overview and Level Annotations

Branches:
Dungeon (1/1)

Altars:
Makhleb

Annotations:
D The Servant


Innate Abilities, Weirdness & Mutations

You are very small and have problems with some larger weapons.
You are too small for most types of armour.
You have supernaturally acute eyesight. (SInv)
You are a herbivore.
You cover ground extremely quickly.
You need consume almost no food.


Message History

You destroy the destroyer!
Makhleb accepts your kill.
You hear a shout! x2 2 orcs and an ogre come into view.
You slice the meat berserker!!
You slaughter the meat berserker joyfully.
You kill the meat berserker!
Makhleb accepts your kill.
You hear a shout! x3
The meat berserker moves out of view.
You hear a shout! x2
The bag of meat moves out of view.
You hear a shout!
The bag of meat is engulfed in roaring flames.
The Servant is engulfed in roaring flames.
The Servant hits you from afar with a +9 glaive of flaming!!!!
Ouch! That really hurt!
* * * LOW HITPOINT WARNING * * *
The Servant burns you!!!
You die...

.. ..... #. ...#
#.. ...# .
.###.. ...###V.
......###......
.§...._§....
#.Vo@o# #_§§§_#
#...@)#
......_.).ooooV
......###.oxoozo
.###.. .§.###o.
#.. ...# . #.
...# .. ....o
....


You could see The Servant, 2 destroyers, a sculptor of flesh, 12 bags of meat
and a crawling corpse.

Vanquished Creatures
  7 vampire knights (D)
  11 ogres (D)
  8 orcs (D)
  A hill giant (D)
  A skeletal warrior (D)
  2 large abominations (D)
  A small abomination (D)
  3 crawling corpses (D)
34 creatures vanquished.

Notes
Turn   | Place    | Note
-------+----------+-------------------------------------------
     0 | D        | Groucho the Spriggan Abyssal Knight began the quest for the Orb.
     0 | D        | Reached XP level 1. HP: 11/11 MP: 3/3
     3 | D        | Noticed a bag of meat
     3 | D        | Noticed a bag of meat
     4 | D        | Fell from the grace of Lugonu
     4 | D        | Became a worshipper of Makhleb the Destroyer
     6 | D        | Noticed a bag of meat
     6 | D        | Killed a bag of meat
     6 | D        | Reached XP level 2. HP: 27/27 MP: 4/4
     6 | D        | Reached XP level 3. HP: 31/31 MP: 5/5
     6 | D        | Reached XP level 4. HP: 36/36 MP: 6/6
     6 | D        | Reached XP level 5. HP: 40/40 MP: 7/7
     6 | D        | Reached XP level 6. HP: 45/45 MP: 8/8
     6 | D        | Reached XP level 7. HP: 49/49 MP: 9/9
     6 | D        | Reached XP level 8. HP: 54/54 MP: 10/10
     6 | D        | Reached XP level 9. HP: 58/58 MP: 11/11
     6 | D        | Reached XP level 10. HP: 63/63 MP: 12/12
     6 | D        | Reached XP level 11. HP: 67/67 MP: 13/13
     9 | D        | Killed a bag of meat
     9 | D        | Reached * piety under Makhleb
     9 | D        | Reached XP level 12. HP: 75/75 MP: 14/14
    12 | D        | Killed a bag of meat
    12 | D        | Reached skill level 15 in Fighting
    12 | D        | Reached XP level 13. HP: 81/81 MP: 15/15
    16 | D        | Noticed a meat berserker
    17 | D        | Noticed a bag of meat
    19 | D        | Noticed a bag of meat
    20 | D        | Noticed a bag of meat
    20 | D        | Killed a meat berserker
    20 | D        | Reached XP level 14. HP: 89/89 MP: 16/16
    23 | D        | Killed a bag of meat
    23 | D        | Reached ** piety under Makhleb
    23 | D        | Reached skill level 27 in Dodging
    23 | D        | Reached XP level 15. HP: 95/95 MP: 17/17
    33 | D        | Noticed a meat berserker
    33 | D        | Killed a meat berserker
    33 | D        | Reached *** piety under Makhleb
    33 | D        | Reached skill level 27 in Axes
    33 | D        | Reached XP level 16. HP: 106/106 MP: 18/18
    35 | D        | Noticed a meat berserker
    35 | D        | Noticed a meat berserker
    37 | D        | Noticed a sculptor of flesh
    37 | D        | Noticed a destroyer
    37 | D        | Noticed a destroyer
    39 | D        | Noticed a meat berserker
    39 | D        | Noticed a destroyer
    39 | D        | Killed a meat berserker
    39 | D        | Reached skill level 27 in Stealth
    39 | D        | Reached XP level 17. HP: 117/117 MP: 19/19
    39 | D        | Killed a meat berserker
    39 | D        | Reached skill level 27 in Fighting
    39 | D        | Reached skill level 5 in Unarmed Combat
    40 | D        | Noticed a large bag of meat
    41 | D        | Noticed a meat berserker
    41 | D        | Noticed a meat berserker
    41 | D        | Noticed a sculptor of flesh
    42 | D        | Killed a destroyer
    42 | D        | Reached **** piety under Makhleb
    42 | D        | Reached XP level 18. HP: 127/127 MP: 19/29
    43 | D        | Noticed a meat berserker
    43 | D        | Noticed a meat berserker
    43 | D        | Noticed The Servant
    43 | D        | Killed a destroyer
    43 | D        | Reached skill level 15 in Unarmed Combat
    44 | D        | Noticed a meat berserker
    44 | D        | Killed a sculptor of flesh
    44 | D        | Reached XP level 19. HP: 132/132 MP: 19/33
    44 | D        | Reached ***** piety under Makhleb
    45 | D        | Killed a destroyer
    45 | D        | Killed a meat berserker
    45 | D        | Reached XP level 20. HP: 137/137 MP: 19/36
    46 | D        | Noticed a destroyer
    46 | D        | Killed a meat berserker
    47 | D        | Noticed a meat berserker
    47 | D        | Reached skill level 27 in Armour
    48 | D        | Noticed a destroyer
    48 | D        | Noticed a destroyer
    48 | D        | Killed a meat berserker
    48 | D        | Reached skill level 27 in Invocations
    48 | D        | Reached XP level 21. HP: 129/142 MP: 20/39
    49 | D        | Noticed a destroyer
    49 | D        | Killed a destroyer
    49 | D        | Reached skill level 27 in Unarmed Combat
    49 | D        | Reached ****** piety under Makhleb
    51 | D        | Noticed a destroyer
    52 | D        | Reached skill level 27 in Spellcasting
    52 | D        | Reached XP level 22. HP: 148/148 MP: 21/54
    52 | D        | Reached skill level 27 in Throwing
    53 | D        | Noticed a destroyer
    53 | D        | Killed a destroyer
    54 | D        | Noticed a destroyer
    54 | D        | Killed a destroyer
    54 | D        | Reached XP level 23. HP: 153/153 MP: 21/55
    54 | D        | Killed a destroyer
    55 | D        | Slain by The Servant

Skill      XL: |  1  2  3  4  5  6  7  8  9 10 11 12 13 14 15 16 17 18 19 20 21 22 |
---------------+-------------------------------------------------------------------+-----
Fighting       | 12 14 15 17 18 21 24 27 | 27.0
Axes           | 16 19 20 22 23 27 | 27.0
Dodging        | 19 22 24 26 27 | 27.0
Stealth        | 14 17 25 27 | 27.0
Armour         | 14 19 24 27 | 27.0
Unarmed Combat | 11 15 19 24 27 | 27.0
Invocations    | 13 18 22 27 | 27.0
Throwing       | 23 27 | 27.0
Spellcasting   | 27 | 27.0

Action                   |  1- 3 |  4- 6 |  7- 9 | 10-12 | 13-15 | 16-18 | 19-21 | 22-24 || total
-------------------------+-------+-------+-------+-------+-------+-------+-------+-------++-------
Melee: Broad axe         |     1 |       |       |     2 |     5 |     5 |     7 |     3 ||    23
Dodge: Dodged            |       |       |       |       |       |     2 |       |       ||     2
